 Dungeon Crawl Stone Soup version 0.28.0-43-g3370ac3207 (webtiles) character file.

Game seed: 12240160761926116878

215 vvl the Skirmisher (level 5, -1/41 HPs)
             Began as a Demonspawn Fighter on Mar 11, 2022.
             Killed by divine providence
             ... invoked by an orc priest
              (13 damage)
             ... on level 4 of the Dungeon.
             The game lasted 00:04:18 (2929 turns).

vvl the Skirmisher (Demonspawn Fighter)             Turns: 2929, Time: 00:04:19

Health: -1/41      AC:  6    Str: 16    XL:     5   Next: 60%
Magic:  7/7        EV:  9    Int: 12    God:
Gold:   126        SH:  4    Dex: 12    Spells: 6/6 levels left

rFire   . . .      SeeInvis .   a - +0 war axe
rCold   . . .      Faith    .   c - +0 buckler
rNeg    . . .      Spirit   .   b - +0 scale mail
rPois   .          Reflect  .   (no helmet)
rElec   .          Harm     .   (no cloak)
rCorr   .          Rampage  .   (no gloves)
Will    .....                   (no boots)
Stlth   ..........              (no amulet)
HPRegen 0.13/turn               (no ring)
MPRegen 0.10/turn               (no ring)

@: brilliant
A: hooves 1, demonic touch 1
a: no special abilities


You were on level 4 of the Dungeon.
You visited 1 branch of the dungeon, and saw 4 of its levels.

You collected 126 gold pieces.

Inventory:

Hand Weapons
 a - a +0 war axe (weapon)
Armour
 b - a +0 scale mail (worn)
 c - a +0 buckler (worn)
Magical Staves
 k - a staff of air
Scrolls
 g - 2 scrolls of fear {unknown}
 i - a scroll of amnesia {unknown}
 l - a scroll of silence {unknown}
 m - 3 scrolls of noise {unknown}
 o - a scroll of magic mapping {unknown}
 p - a scroll of vulnerability {unknown}
Potions
 d - a potion of might
 e - a potion of mutation {unknown}
 f - a potion of brilliance
 h - a potion of flight {unknown}
 j - 2 potions of curing
 n - a potion of degeneration {unknown}


   Skills:
 + Level 3.5 Fighting
 + Level 2.4 Axes
 + Level 3.2 Armour
 + Level 1.4 Dodging
 + Level 3.2 Shields
 + Level 1.4 Spellcasting
 + Level 1.0 Conjurations
 + Level 1.9 Necromancy
 + Level 1.0 Ice Magic


You had 6 spell levels left.
You didn't know any spells.
Your spell library contained the following spells:

 Spells                   Type           Power      Damage    Failure   Level
 Animate Skeleton         Necr           16%        N/A       52%         1
 Apportation              Tloc           2%         N/A       80%         1
 Summon Small Mammal      Summ           4%         N/A       80%         1
 Static Discharge         Conj/Air       3%         N/A       86%         2
 Lightning Bolt           Conj/Air       1%         1d12      100%        5
 Maxwell's Capacitive Co  Air            0%         ∞         100%        8


Dungeon Overview and Level Annotations

Branches:
Dungeon (4/15)
 Temple: D:4-7

Altars:
Ru
Vehumet
Yredelemnul

Shops:
D:2 (


Innate Abilities, Weirdness & Mutations

You have large cloven feet.
Your touch may inflict minor irresistible damage on your foes.


Message History

The adder bites you but does no damage. x2
You hit the adder. Your kick misses the adder.
The adder is severely wounded.
You block the adder's attack. The adder bites you.
You barely miss the adder. You kick the adder.
The adder is almost dead.
A wyvern zombie comes into view.
You block the adder's attack.
A hobgoblin comes into view.
The adder barely misses you.
You hit the orc but do no damage. Your kick misses the orc. You hit the adder.
You block the adder's attack. The orc barely misses you.
The orc wizard mumbles some strange words.
The orc wizard flickers and vanishes!
Deactivating autopickup; reactivate with Ctrl-A.
The orc closely misses you. The adder bites you.
You are poisoned.
The adder poisons you!
You slash the orc!
You kill the orc!
You closely miss the adder.
You feel very sick. You block the adder's attack. The adder barely misses you.
Unknown command.
You closely miss the adder.
The adder is almost dead.
You feel sick. The adder bites you.
* * * LOW HITPOINT WARNING * * *
Unknown command.
It was a potion of brilliance.
You feel clever all of a sudden.
You feel sick. The adder barely misses you.
The adder bites you but does no damage.
It was a potion of curing.
You feel better. The adder closely misses you.
You barely miss the adder. You kick the adder.
You kill the adder!
The orc completely misses you.
The orc priest calls down the wrath of Beogh upon you.
Beogh smites you!
You die...

#..............
##..................
#.................#
###......[#.......#
#..>...###.(....##
#...#####........#
#....# #......(..
#....####o.[......
####.@o.)go#
##..)#ooo......
##..##Z.?....#
##..#Z.....##
#......#..#
.......##...
##...#.. ... ...#...
.. .##


You could see an orc priest, 5 orcs and a hobgoblin.

Vanquished Creatures
  2 hounds
  An orc wizard (D:3)
  6 adders
  2 dart slugs
  5 orcs
  3 endoplasms
  2 giant cockroaches
  8 hobgoblins
  6 jackals (D:2)
  A quokka (D:1)
  4 ball pythons
  7 bats
  3 frilled lizards
  5 goblins
  9 kobolds
  3 rats (D:1)
67 creatures vanquished.

Vanquished Creatures (others)
  A plant (D:3)
1 creature vanquished.

Grand Total: 68 creatures vanquished

Notes
Turn   | Place    | Note
-------+----------+-------------------------------------------
     0 | D:1      | vvl the Demonspawn Fighter began the quest for the Orb.
     0 | D:1      | Reached XP level 1. HP: 18/18 MP: 1/1
   105 | D:1      | Discovered your monstrous ancestry.
   105 | D:1      | Gained mutation: You have large cloven feet. [demonic
                  | ancestry]
   105 | D:1      | Reached XP level 2. HP: 23/24 MP: 2/2
   627 | D:2      | Reached XP level 3. HP: 23/29 MP: 4/4
   688 | D:2      | Found Sappul's Antique Weapon Emporium.
   700 | D:2      | Reached skill level 1 in Necromancy
   726 | D:2      | Found a sacrificial altar of Ru.
   736 | D:2      | Reached skill level 1 in Spellcasting
  1166 | D:2      | Gained mutation: Your touch may inflict minor irresistible
                  | damage on your foes. [demonic ancestry]
  1166 | D:2      | Reached XP level 4. HP: 27/35 MP: 5/5
  1360 | D:3      | Reached skill level 1 in Dodging
  1824 | D:3      | Found a faded altar of an unknown god.
  2329 | D:3      | Found a basalt altar of Yredelemnul.
  2338 | D:3      | Found a radiant altar of Vehumet.
  2432 | D:3      | Reached XP level 5. HP: 33/41 MP: 6/6
  2845 | D:4      | Reached skill level 1 in Conjurations
  2845 | D:4      | Reached skill level 1 in Ice Magic
  2929 | D:4      | Killed from afar by an orc priest

Illustrated notes

Levels and vault maps discovered:
D:1:      amcnicky_arrival_gap_in_the_tavern_cellar, layout_basic
D:2:      layout_rooms, serial_shops, shop, basic_altar, fountainhead
D:3:      layout_basic, mainiacjoe_overflow_cross_hatched, lemuel_crystal_altar,
          chequers_ecumenical_altar_lobes, grunt_ministairs_8
D:4:      layout_cave_pools, uniq_sigmund

Skill      XL: |  1  2  3  4  5 |
---------------+----------------+-----
Axes           | 2 |  2.4
Necromancy     | 1 |  1.9
Spellcasting   | 1 |  1.4
Shields        | 3 |  3.2
Armour         | 3 |  3.2
Dodging        | 1 |  1.4
Conjurations   | 1 |  1.0
Ice Magic      | 1 |  1.0
Fighting       | |  3.5

Action                   |  1- 3 |  4- 6 || total
-------------------------+-------+-------++-------
Melee: War axe           |    87 |    90 ||   177
       Kick              |     8 |    18 ||    26
  Use: Potion            |       |     2 ||     2
Armor: Scale mail        |    44 |    43 ||    87
Dodge: Dodged            |    42 |    46 ||    88
Block: Buckler           |    15 |    26 ||    41
